Map: Tourmaline LE

Players

ErdbeerPizza

  • Race: Terran Terran
  • League: Master
  • Spawn Location: 1:00

Verin - Winner!

  • Race: Terran Terran
  • League: Master
  • Spawn Location: 7:00

VOD

Have the link to the VOD?

Description

Time

  • Played on: May 25, 2026, 6:48 a.m.
  • Length: 17:45
Show
View Real Time Build Order
Export as new Build Order

ErdbeerPizza Terran 

Build Orders: Command Center First 

Get SALT Encoding   

  12  0:01  SCV  
  13  0:13  SCV  
  14  0:17  Supply Depot  
  14  0:27  SCV  
  15  0:39  SCV  
  16  0:51  SCV  
  17  1:01  Command Center  
  17  1:10  Barracks  
  17  1:16  Refinery  
  17  1:22  Refinery  
  17  1:25  SCV  
  18  1:37  SCV  
  19  1:57  Marine  
  20  2:05  Bunker  
  20  2:08  Orbital Command  
  20  2:15  Marine  
  21  2:18  Factory  
  22  2:32  Marine  
  22  2:33  Orbital Command  
  22  2:46  Supply Depot  
  22  2:50  Marine  
  23  2:53  SCV  
  24  3:03  Factory Tech Lab  
  24  3:08  Marine  
  24  3:11  Starport  
  25  3:14  SCV  
  25  3:17  SCV  
  27  3:25  Siege Tank  
  30  3:34  Engineering Bay  
  30  3:36  SCV x2  
  32  3:48  SCV x2  
  34  3:50  Viking  
  36  4:00  SCV x2  
  38  4:03  Siege Tank  
  41  4:12  SCV x2  
  43  4:17  Starport  
  43  4:28  SCV x2  
  43  4:29  Starport Reactor  
  45  4:34  Command Center  
  45  4:37  Missile Turret  
  45  4:43  Missile Turret  
  45  4:50  SCV  
  46  5:03  Supply Depot  
  46  5:05  Supply Depot  
  46  5:15  Hi-Sec Auto Tracking, Viking x3, SCV x2  
  54  5:25  Siege Tank  
  54  5:27  SCV x2  
  59  5:31  Refinery  
  59  5:33  Refinery  
  59  5:51  SCV x2  
  59  5:53  Orbital Command  
  59  5:54  Starport Tech Lab  
  59  5:55  Missile Turret  
  61  6:00  Siege Tank  
  64  6:12  SCV x2  
  64  6:13  Missile Turret  
  66  6:19  SCV  
  66  6:20  Missile Turret  
  66  6:23  Banshee  
  66  6:24  SCV  
  67  6:45  Viking x2  
  71  6:48  Marine  
  70  7:05  Marine  
  70  7:06  Banshee  
  71  7:23  Marine  
  70  7:39  Siege Tank  
  70  7:41  Marine  
  71  7:53  Cloaking Field, Refinery  
  71  7:59  Marine  
  72  8:11  Siege Tank  
  72  8:23  Liberator  
  72  8:24  Orbital Command  
  72  8:26  SCV x3  
  78  8:27  Marine  
  79  8:43  Siege Tank  
  79  8:45  Marine  
  83  8:50  Banshee  
  81  9:03  Marine  
  81  9:21  Marine  
  77  9:39  Marine  
  77  9:40  SCV  
  77  9:41  SCV x2  
  75  9:46  Liberator  
  75  9:47  Banshee  
  81  9:59  Starport  
  81  10:01  Starport  
  81  10:11  Orbital Command  
  81  10:15  SCV x2  
  83  10:44  Missile Turret  
  83  10:51  Starport Tech Lab x2  
  83  10:54  Refinery  
  83  11:01  Refinery, Viking  
  85  11:08  Banshee, Viking  
  85  11:10  Supply Depot  
  85  11:11  Supply Depot  
  86  11:31  Viking  
  88  11:36  Missile Turret  
  88  11:38  SCV x2  
  88  11:39  SCV  
  91  11:51  Banshee  
  94  11:57  Missile Turret  
  94  11:58  SCV x3  
  95  12:10  SCV  
  95  12:11  Viking  
  95  12:12  Viking x2  
  95  12:13  Liberator  
  105  12:20  SCV x2  
  105  12:21  Hyperflight Rotors  
  107  12:25  Supply Depot  
  107  12:29  SCV, Armory  
  108  12:39  Starport  
  108  12:40  Starport  
  108  12:42  SCV  
  109  12:47  SCV x2  
  109  12:50  Neosteel Armor  
  109  12:51  Supply Depot  
  111  12:52  Armory  
  111  12:58  Banshee, Liberator  
  114  12:59  Liberator  
  114  13:00  Viking  
  114  13:01  Viking  
  124  13:26  Starport Reactor  
  123  13:28  Starport Tech Lab  
  104  14:08  Viking  
  104  14:09  Viking x2, Banshee  
  111  14:10  Liberator, Raven  
  111  14:12  Banshee, Raven  
  111  14:16  Siege Tank  
  121  14:49  Siege Tank  
  121  14:50  Viking  
  121  14:51  Viking  
  121  14:52  Raven, Liberator  
  133  15:00  Banshee  
  133  15:18  Terran Ship Weapons Level 1  
  133  15:19  Terran Vehicle And Ship Armor Level 1, Command Center  
  133  15:26  Supply Depot x2  
  133  15:27  Supply Depot  
  133  15:28  SCV x3  
  136  15:35  Fusion Core  
  136  15:41  Missile Turret  
  136  15:44  SCV  
  136  15:45  SCV x2  
  136  15:49  Supply Depot  
  133  16:02  Sensor Tower  
  130  16:28  Battlecruiser  
  130  16:29  Battlecruiser x2  
  149  16:32  SCV  
  149  16:33  SCV  
  149  16:35  Refinery  
  150  16:47  Missile Turret  
  150  16:48  Missile Turret  
  150  16:53  Planetary Fortress  
  150  17:05  Refinery  
  147  17:08  Refinery  
Show
View Real Time Build Order
Export as new Build Order

Verin Terran - Winner!

Build Orders:  

Get SALT Encoding   

  12  0:01  SCV  
  13  0:13  SCV  
  14  0:18  Supply Depot  
  14  0:28  SCV  
  15  0:40  SCV  
  15  0:41  Barracks  
  16  0:46  Refinery  
  16  0:52  SCV  
  17  1:05  SCV  
  18  1:17  SCV  
  19  1:29  Orbital Command, Supply Depot  
  19  1:48  Barracks Tech Lab  
  19  1:58  Command Center  
  19  1:59  SCV  
  20  2:06  Factory  
  20  2:08  Marine  
  21  2:14  SCV  
  22  2:19  Refinery  
  22  2:34  Marine  
  22  2:36  SCV  
  24  2:49  Barracks  
  24  2:53  Barracks  
  24  2:55  Stimpack  
  24  2:57  Factory Tech Lab  
  24  3:03  SCV  
  25  3:11  Orbital Command  
  25  3:14  Marine  
  25  3:18  Siege Tank  
  29  3:27  SCV  
  30  3:34  Orbital Command  
  30  3:37  Starport  
  30  3:38  Marine  
  32  3:45  Barracks Reactor  
  32  3:47  Marine  
  32  3:53  Widow Mine  
  34  3:56  Marine  
  35  4:04  SCV  
  36  4:12  SCV  
  36  4:16  SCV  
  38  4:18  Barracks Reactor  
  38  4:21  Marine x3  
  41  4:29  SCV x2  
  43  4:34  Combat Shield  
  43  4:35  Starport Reactor  
  43  4:36  Supply Depot  
  43  4:38  Supply Depot  
  43  4:39  Marine x3  
  46  4:57  Marine x3, SCV  
  46  4:58  SCV  
  46  4:59  Marine x2  
  52  5:00  Siege Tank  
  56  5:15  Medivac, Supply Depot, Marine  
  56  5:17  Supply Depot  
  56  5:20  Refinery  
  59  5:22  Refinery  
  59  5:25  Marine x3  
  62  5:36  Medivac  
  62  5:37  SCV x2  
  62  5:41  Supply Depot  
  62  5:42  Marine x2, Supply Depot  
  68  5:43  Marine  
  68  5:49  Siege Tank  
  72  5:54  SCV x2  
  72  5:55  Marine x2  
  76  6:00  Marine  
  76  6:02  Medivac  
  79  6:14  Supply Depot x2  
  78  6:45  Siege Tank, Medivac  
  78  6:46  Medivac  
  76  7:25  Marine  
  76  7:26  Marine x4  
  76  7:27  Siege Tank  
  81  7:37  Liberator x2  
  87  7:46  Engineering Bay, Marine  
  87  7:50  Engineering Bay, Marine x2  
  87  7:51  Marine x2  
  92  7:52  Command Center  
  92  7:56  Barracks, SCV x2  
  94  8:04  Marine  
  95  8:08  Marine x3  
  95  8:09  SCV x2  
  87  9:18  Marine x5  
  87  9:22  Orbital Command  
  87  9:24  Missile Turret  
  87  9:25  Terran Infantry Weapons Level 1  
  87  9:26  Missile Turret, Viking x2  
  87  9:30  Missile Turret  
  88  9:35  Marine  
  88  9:36  Marine x4  
  81  9:53  Terran Infantry Armor Level 1, Marine  
  81  9:54  Marine x4, Barracks Reactor  
  80  10:03  Siege Tank  
  80  10:05  Viking x2  
  87  10:10  Missile Turret  
  87  10:11  Marine  
  87  10:12  Marine x4  
  87  10:13  SCV x2  
  94  10:15  SCV  
  95  10:25  SCV  
  96  10:28  Armory  
  96  10:30  Marine  
  96  10:32  SCV x2  
  96  10:33  Missile Turret  
  96  10:35  Siege Tank  
  102  10:38  SCV  
  103  10:46  SCV x2  
  105  10:50  Viking x2  
  108  11:07  Siege Tank  
  109  11:20  Medivac x2  
  109  11:22  SCV x2  
  109  11:23  SCV  
  116  11:30  Starport, Terran Infantry Weapons Level 2, Supply Depot  
  116  11:31  Starport  
  116  11:32  Marine x2, Supply Depot  
  118  11:33  Marine x5  
  118  11:34  SCV  
  118  11:35  SCV  
  125  11:41  Fusion Core  
  125  11:52  Siege Tank  
  118  12:09  SCV x3  
  118  12:11  Refinery  
  118  12:12  Starport Tech Lab, Refinery  
  121  12:19  Starport Tech Lab  
  121  12:24  Terran Ship Weapons Level 1  
  121  12:26  Supply Depot  
  121  12:31  Marine  
  121  12:32  Marine x4  
  126  12:37  Siege Tank  
  126  12:38  Command Center  
  126  12:42  Command Center  
  129  12:49  Marine x5  
  134  13:06  Marine  
  134  13:07  Marine x4  
  139  13:24  SCV  
  139  13:25  SCV x2, Marine  
  139  13:26  Marine x4  
  136  13:37  SCV  
  136  13:40  Medivac  
  136  13:41  Medivac, Battlecruiser  
  132  13:43  Marine  
  132  13:44  Marine x4  
  142  14:01  Marine x5  
  141  14:11  Orbital Command  
  141  14:14  Supply Depot  
  141  14:17  Cyclone  
  144  14:19  Marine x5, Battlecruiser  
  144  14:20  Medivac  
  144  14:21  Medivac  
  144  14:23  Orbital Command  
  159  14:37  Marine  
  153  14:46  Battlecruiser  
  153  14:48  Terran Infantry Weapons Level 3  
  153  14:49  Cyclone  
  153  14:50  Terran Ship Weapons Level 2  
  162  14:55  Armory  
  162  14:56  Supply Depot, Marine  
  162  14:57  Marine x3  
  166  15:04  Missile Turret  
  166  15:11  Missile Turret  
  165  15:17  Viking x2  
  165  15:19  Supply Depot  
  169  15:23  Battlecruiser  
  169  15:24  SCV x3  
  169  15:25  SCV  
  178  15:51  Missile Turret, Refinery  
  178  15:52  Refinery, Missile Turret  
  178  15:55  Missile Turret  
  173  16:15  SCV x4  
  173  16:18  Battlecruiser  
  183  16:19  Marine  
  183  16:20  Marine x4  
  183  16:22  Widow Mine  
  190  16:28  Battlecruiser  
  196  16:37  Marine  
  196  16:38  Marine x3  
  196  17:19  Missile Turret  
  196  17:20  Missile Turret  
  196  17:22  Missile Turret x3  
Tags
 
Add a new tag
Caveats
  • Supply blocks, unpowered buildings, or Contaminate may cause inaccurate times.
  • Supply counts are checked every 10 seconds.